 Dungeon Crawl Stone Soup version 0.22.1-1-ga44c0e56f4 (webtiles) character file.

236 Morbidden the Chopper (level 5, 0/41 HPs)
             Began as a Demonspawn Fighter on Oct 24, 2018.
             Killed by nerve-wracking pain
             ... invoked by Grinder
              (3 damage)
             ... while paralysed by Grinder
             ... on level 3 of the Dungeon.
             The game lasted 00:03:47 (2042 turns).

Morbidden the Chopper (Demonspawn Fighter)          Turns: 2042, Time: 00:03:48

Health: 0/41       AC: 10    Str: 22    XL:     5   Next: 77%
Magic:  5/5        EV:  2    Int:  9    God:
Gold:   105        SH:  0    Dex: 13    Spells: 4/4 levels left

rFire    . . .     SeeInvis .   a - +0 war axe
rCold    . . .     Gourm    .   c - +0 shield
rNeg     . . .     Faith    .   n - +0 chain mail
rPois    .         Spirit   .   (no helmet)
rElec    .         Reflect  .   (no cloak)
rCorr    .         Harm     .   k - +0 pair of gloves
MR       .....                  (no boots)
Stlth    ..........             e - amulet of rage
HPRegen  0.13/turn              (no ring)
MPRegen  0.09/turn              (no ring)

@: paralysed, mighty
A: repulsion field 2, rot immunity
a: Evoke Berserk Rage


You were on level 3 of the Dungeon.
You were not hungry.

You visited 1 branch of the dungeon, and saw 3 of its levels.

You collected 105 gold pieces.

Inventory:

Hand Weapons
 a - a +0 war axe (weapon)
Armour
 c - a +0 shield (worn)
 k - a +0 pair of gloves (worn)
 n - a +0 chain mail (worn)
Jewellery
 e - an amulet of rage (around neck)
 l - an uncursed ring of magical power {unknown}
Scrolls
 h - 3 scrolls of teleportation {unknown}
 i - 3 scrolls of remove curse {unknown}
Potions
 d - 5 potions of might
 g - a potion of flight {unknown}
 j - 2 potions of brilliance {unknown}
 m - a potion of curing {unknown}
Comestibles
 f - 5 rations


   Skills:
 - Level 3.1 Fighting
 + Level 5.3 Axes
 - Level 2.9 Armour
 - Level 2.8 Shields


You had 4 spell levels left.
You didn't know any spells.
Your spell library was empty.

Dungeon Overview and Level Annotations

Branches:
Dungeon (3/15)

Altars:

Annotations:
D:3 Grinder


Innate Abilities, Weirdness & Mutations

You are surrounded by a moderate repulsion field. (EV +3)
You are immune to rotting.


Message History

Grinder is almost dead.
Your chain mail prevents you from hitting the adder.
The adder bites you but does no damage. Grinder hits you but does no damage.
Unknown command.
You barely miss Grinder.
Grinder is almost dead.
You slash the adder!
You kill the adder!
Grinder gestures at you.
You suddenly lose the ability to move!
Grinder hits you.
* * * LOW HITPOINT WARNING * * *
Grinder gestures at you.
You shrug off the repeated paralysis!
Grinder gestures at you. Pain shoots through your body!
* * * LOW HITPOINT WARNING * * *
Grinder gestures at you. Pain shoots through your body!
You die...

.........###.........
..####...#.#..#.....
........#.♣.#.# ###
..####...#.#).# ...#
###.###.## ...#
#......# ...##
#.#.##.# ### ....#
#.#.##.####...#.#
....#
#.#......@.......
.##.#
#.####.###5...#.#
.##.# #.####.# .####
)##÷####......# .#
))........##### ..
....(..##.# ..
.##.##.##.### ...
.##.##......# ##8
.##.#####.#.#


You could see Grinder.

Vanquished Creatures
  A howler monkey (D:3)
  An orc wizard (D:3)
  3 adders
  7 gnolls (D:3)
  An ooze (D:2)
  2 worms (D:2)
  A dart slug (D:1)
  4 leopard geckos
  2 orcs (D:3)
  5 bats
  A giant cockroach (D:1)
  6 goblins
  5 hobgoblins
  3 jackals (D:1)
  9 kobolds
  A quokka (D:3)
  6 frilled lizards
  5 rats
  A plant (D:2)
64 creatures vanquished.

Notes
Turn   | Place    | Note
-------+----------+-------------------------------------------
     0 | D:1      | Morbidden the Demonspawn Fighter began the quest for the
                  | Orb.
     0 | D:1      | Reached XP level 1. HP: 18/18 MP: 1/1
    78 | D:1      | Gained mutation: You are surrounded by a mild repulsion
                  | field. (EV +2) [demonic ancestry]
    78 | D:1      | Reached XP level 2. HP: 9/24 MP: 2/2
   286 | D:1      | Reached skill level 2 in Axes
   636 | D:1      | Gained mutation: You are immune to rotting. [demonic
                  | ancestry]
   636 | D:1      | Reached XP level 3. HP: 28/29 MP: 3/3
   772 | D:2      | Reached skill level 3 in Axes
   946 | D:2      | Gained mutation: You are surrounded by a moderate repulsion
                  | field. (EV +3) [demonic ancestry]
   946 | D:2      | Reached XP level 4. HP: 31/35 MP: 4/4
  1405 | D:3      | Reached skill level 4 in Axes
  1553 | D:3      | Reached XP level 5. HP: 39/41 MP: 5/5
  1742 | D:3      | Reached skill level 5 in Axes
  2028 | D:3      | Noticed Grinder
  2038 | D:3      | Paralysed by Grinder for 7 turns
  2041 | D:3      | HP: 2/41 [Grinder/nerve-wracking pain (6)]
  2042 | D:3      | Killed from afar by Grinder

Skill      XL: |  1  2  3  4  5 |
---------------+----------------+-----
Axes           | 2 3 4 5 |  5.3
Fighting       | |  3.1
Armour         | |  2.9
Shields        | |  2.8

Action                   |  1- 3 |  4- 6 || total
-------------------------+-------+-------++-------
Melee: War axe           |    98 |   106 ||   204
  Use: Potion            |       |     1 ||     1
  Eat: Chunk             |       |     4 ||     4
Armor: Scale mail        |    42 |    29 ||    71
       Chain mail        |       |     7 ||     7
Dodge: Dodged            |    34 |    36 ||    70
Block: Shield            |    47 |    59 ||   106
